 Dungeon Crawl Stone Soup version 0.31-a0-1096-g246cf0196b (webtiles) character file.

Game seed: 5143628638166615259

7001 Dirtsage the Mimic (level 11, 0/78 HPs)
             Began as an Octopode Shapeshifter on Nov 29, 2023.
             Was an Initiate of Gozag.
             Slain by a troll (1 damage)
             ... on level 9 of the Dungeon.
             The game lasted 00:23:25 (10303 turns).

Dirtsage the Mimic (Octopode Shapeshifter)         Turns: 10303, Time: 00:23:25

Health: 0/78       AC:  3    Str: 17    XL:     11   Next: 8%
Magic:  11/11      EV: 13    Int: 12    God:    Gozag
Gold:   616        SH:  0    Dex: 13    Spells: 8/10 levels left

rFire   . .          .
                       - Unarmed
rCold   . . .        (shield currently unavailable)
rNeg    . . .        s - +2 hat
rPois   .            c - amulet of regeneration
rElec   .            S - ring of see invisible
rCorr   .            (no ring)
SInv    +            (no ring)
Will    .....        (no ring)
Stlth   +            (no ring)
HPRegen 1.13/turn    (no ring)
MPRegen 0.12/turn    (no ring)
                     (no ring)

%: no passive effects
@: flux-form, glowing
A: glow, contaminating, almost no armour, amphibious, 8 rings, camouflage 1,
gelatinous body 1, (nimble swimmer 1), tentacles
a: Begin Untransformation, Renounce Religion, Potion Petition, Call Merchant,
Bribe Branch


You were on level 9 of the Dungeon.
You worshipped Gozag.
Gozag was pleased with you.
You were something dangerously unstable.
You visited 2 branches of the dungeon, and saw 10 of its levels.
You also visited: Bailey.

You collected 784 gold pieces.
You paid 168 gold pieces to Gozag.

Inventory:

Missiles
 r - 4 throwing nets
Armour
 s - a +2 hat (worn)
Jewellery
 c - an amulet of regeneration (around mantle)
 y - an amulet of guardian spirit
 S - a ring of see invisible (left tentacle)
Talismans
 p - a flux talisman (active)
Wands
 u - a wand of mindburst (17)
 A - a wand of light (8)
 B - a wand of paralysis (12)
Scrolls
 a - 3 scrolls of blinking {unknown}
 b - a scroll of vulnerability {unknown}
 e - a scroll of amnesia {unknown}
 f - a scroll of enchant weapon
 g - a scroll of enchant armour
 l - a scroll of revelation {unknown}
 t - 4 scrolls of teleportation
 w - a scroll of torment {unknown}
 x - a scroll of brand weapon {unknown}
Potions
 d - a potion of haste {unknown}
 h - 3 potions of heal wounds {unknown}
 i - 3 potions of brilliance {unknown}
 j - a potion of enlightenment
 k - a potion of ambrosia {unknown}
 m - a potion of degeneration {unknown}
 n - a potion of magic {unknown}
 o - a potion of might {unknown}
 q - 3 potions of curing
 v - 2 potions of mutation {unknown}
 z - a potion of invisibility {unknown}


   Skills:
 + Level 8.4 Fighting
 - Level 2.0 Dodging
 + Level 9.0 Unarmed Combat
 * Level 11.3 Shapeshifting


You had 8 spell levels left.
You knew the following spells:

 Your Spells              Type           Power      Damage    Failure   Level
a - Wereblood             Tmut           0%         N/A       45%         2

Your spell library contained the following spells:

 Spells                   Type           Power      Damage    Failure   Level
 Ensorcelled Hibernation  Hex/Ice        0%         N/A       45%         2
 Passwall                 Tmut/Erth      0%         N/A       45%         2
 Sublimation of Blood     Necr           0%         N/A       45%         2
 Swiftness                Air            0%         N/A       69%         3
 Passage of Golubria      Tloc           0%         N/A       97%         4
 Silence                  Hex/Air        0%         N/A       100%        5
 Summon Hydra             Summ           0%         N/A       100%        7
 Lehudib's Crystal Spear  Conj/Erth      0%         10d2      100%        8


Dungeon Overview and Level Annotations

Branches:
Dungeon (9/15)             Temple (1/1) D:7          Bailey (visited)
   Lair: D:8-11         Orc: D:9-12

Altars:
Ashenzari
Cheibriados
Dithmenos
Elyvilon
Fedhas
Gozag
Hepliaklqana
Kikubaaqudgha
Nemelex Xobeh
Okawaru
Qazlal
Ru
Sif Muna
Trog
Uskayaw
Vehumet
Wu Jian
Xom
Yredelemnul
Zin
The Shining One

Shops:
D:3 (   D:8 (   D:9 :


Innate Abilities, Weirdness & Mutations

You are something dangerously unstable.
You glow with magical radiation, making you easy to see and hit.
Foes you strike become dangerously contaminated with magical radiation.
You are incapable of wielding weapons or throwing items.
You cannot wear most types of armour.
You are amphibious.
You can wear up to eight rings at the same time.
Your skin changes colour to match your surroundings (Stealth+).
Your rubbery body absorbs attacks. (AC +1, EV +1)
((You are camouflaged when in or above water. (Stealth+)))
You have tentacles for arms and can constrict up to eight enemies at once.


Message History

Found a stone staircase leading down.
Health restored: 78
There is a stone staircase leading down here.
A troll comes into view.
The troll shouts!
You closely miss the troll. The troll bites you!
The troll completely misses you. The troll claws you!
You take 23 damage, and have 55/78 hp.
MASSIVE DAMAGE!!
You closely miss the troll. The troll bites you. The troll barely misses you.
The troll claws you!
You take 18 damage, and have 37/78 hp.
MASSIVE DAMAGE!!
You are too injured to fight recklessly!
You are too injured to fight recklessly!
You bludgeon the troll!
The troll begins to glow.
The troll is lightly wounded.
The troll barely misses you. The troll closely misses you.
The troll misses you.
You barely miss the troll. Your squeeze misses the troll.
The troll is lightly wounded.
The troll bites you!
* * * LOW HITPOINT WARNING * * *
The troll claws you.
* * * LOW HITPOINT WARNING * * *
The troll claws you!
* * * LOW HITPOINT WARNING * * *
You take 30 damage, and have 8/78 hp.
MASSIVE DAMAGE!!
You bludgeon the troll!
The troll glows dangerously bright.
You squeeze the troll!
The troll is heavily wounded.
The troll barely misses you. The troll closely misses you.
The troll barely misses you.
You tentacle-slap the troll.
The troll shudders as magic cascades through it.
The troll twists and deforms.
You squeeze the troll!
The troll is severely wounded.
The troll bites you!
* * * LOW HITPOINT WARNING * * *
The troll claws you.
You die...
Your body crumbles into a pile of gold.

########. ...
.... .### .#
.# ##+#######
..
.........#####
.#
.............#
..
......Tp..##.#
..
##..#####..#.#
.# . #.....#
.. ####.#.###
.# #.(..#.####
#.#.......# .
#....#..###
### ###
#..#.#..# ..#
....##....#..#


You could see a troll (misshapen).

Vanquished Creatures
  Harold (D:9)
  Joseph (D:9)
  The ghost of Takeo the Thaumaturge, a novice DEEE of Vehumet (D:6)
  A troll (D:9)
  Grinder (D:5)
  Sigmund (D:4)
  2 shadows (D:9)
  2 wyverns (D:8)
  Grum (D:9)
  A steam dragon (D:9)
  The ghost of MrCrawl the Firebug, an amateur DrFE (D:3)
  Menkaure (D:5)
  3 ice beasts
  3 black bears
  An orc warrior (D:6)
  4 wolves (D:9)
  2 ogres
  A kobold brigand (D:7)
  2 centaurs
  6 bullfrogs
  2 scorpions (D:5)
  A gnoll sergeant (D:8)
  4 wights (D:6)
  3 killer bees (D:8)
  4 howler monkeys
  7 electric eels (D:7)
  5 hounds
  3 jellies
  10 orc priests
  2 bullfrog skeletons (D:3)
  2 gnoll boudas
  Natasha (thrice) (D:4)
  3 iguanas
  7 orc wizards
  16 gnolls
  9 adders
  A shadow imp (D:5)
  3 white imps
  4 ufetubi (D:6)
  3 worms
  6 dart slugs
  36 orcs
  5 ball pythons
  10 bats
  11 endoplasms
  5 giant cockroaches
  9 goblins
  12 hobgoblins
  11 kobolds
  6 quokkas
  4 frilled lizards
  7 rats
250 creatures vanquished.

Vanquished Creatures (others)
  An orc (D:7)
1 creature vanquished.

Grand Total: 251 creatures vanquished

Notes
Turn   | Place    | Note
-------+----------+-------------------------------------------
     0 | D:1      | Dirtsage the Octopode Shapeshifter began the quest for the
                  | Orb.
     0 | D:1      | Reached XP level 1. HP: 13/13 MP: 1/1
    82 | D:1      | Reached XP level 2. HP: 18/18 MP: 2/2
   344 | D:1      | Reached XP level 3. HP: 21/23 MP: 3/3
  1215 | D:2      | Reached XP level 4. HP: 28/29 MP: 4/4
  1372 | D:2      | Reached skill level 4 in Shapeshifting
  1674 | D:3      | Found a transporter.
  1700 | D:3      | Found a transporter.
  1703 | D:3      | Found Loxeabo's Antique Weapon Boutique.
  1703 | D:3      | Noticed MrCrawl's ghost (amateur DrFE)
  1764 | D:3      | Reached XP level 5. HP: 20/35 MP: 5/5
  2051 | D:3      | Noticed an ice beast
  2060 | D:3      | Killed an ice beast
  2061 | D:3      | Reached XP level 6. HP: 31/41 MP: 6/6
  2308 | D:3      | Found a snail-covered altar of Cheibriados.
  2447 | D:4      | Reached skill level 5 in Shapeshifting
  2617 | D:4      | Noticed a black bear
  2626 | D:4      | Killed a black bear
  3003 | D:4      | Noticed Natasha
  3010 | D:4      | Killed Natasha
  3022 | D:4      | Noticed Sigmund
  3035 | D:5      | Entered Level 5 of the Dungeon
  3154 | D:4      | Noticed Natasha
  3160 | D:4      | Killed Natasha
  3161 | D:4      | Reached XP level 7. HP: 35/46 MP: 7/7
  3249 | D:4      | Noticed Natasha
  3254 | D:4      | Killed Natasha
  3490 | D:4      | Killed Sigmund
  3627 | D:5      | Reached skill level 6 in Shapeshifting
  3726 | D:5      | Reached skill level 5 in Unarmed Combat
  4236 | D:5      | Noticed Grinder
  4249 | D:5      | Paralysed by Grinder for 2 turns
  4252 | D:5      | Killed Grinder
  4253 | D:5      | Reached XP level 8. HP: 48/54 MP: 8/8
  4417 | D:5      | Learned a level 2 spell: Wereblood
  4469 | D:5      | Reached skill level 7 in Shapeshifting
  4652 | D:5      | Noticed Menkaure
  5163 | D:5      | Killed Menkaure
  5164 | D:5      | Reached skill level 5 in Fighting
  5526 | D:6      | Reached XP level 9. HP: 41/61 MP: 9/9
  5557 | D:6      | Reached skill level 8 in Shapeshifting
  5590 | D:6      | Found a large runed translucent door.
  5590 | D:6      | Found a large runed translucent door.
  6042 | D:6      | Found a runed translucent door.
  6044 | D:6      | Noticed Takeo's ghost (novice DEEE)
  6115 | D:6      | Identified the +6 dagger of Terra Cotta {spect, Will+
                  | Int+3}
  6642 | D:6      | Reached skill level 9 in Shapeshifting
  6658 | D:6      | Found an iron altar of Okawaru.
  6661 | D:6      | Found a white marble altar of Elyvilon.
  6709 | D:6      | Killed Takeo's ghost
  6895 | D:3      | Killed MrCrawl's ghost
  7078 | D:7      | Reached XP level 10. HP: 52/69 MP: 7/10
  7466 | D:8      | Noticed a six-headed hydra
  7795 | D:8      | Found a flagged portal.
  7813 | Bailey   | Entered a bailey
  8079 | D:7      | Reached skill level 10 in Shapeshifting
  8116 | D:7      | Found a staircase to the Ecumenical Temple.
  8125 | Temple   | Entered the Ecumenical Temple
  8133 | Temple   | Became a worshipper of Gozag Ym Sagoz the Greedy
  9369 | D:8      | Found Bydei's Weapon Boutique.
  9805 | D:9      | Found Eraarph's Vocational Training.
  9824 | D:9      | Found a blossoming altar of Fedhas.
  9985 | D:9      | Noticed Harold
  9986 | D:9      | Noticed Joseph
  9992 | D:9      | Killed Harold
  9996 | D:9      | HP: 1/72 [Joseph/sling bullet (12)]
 10004 | D:9      | Killed Joseph
 10196 | D:9      | Noticed Grum
 10201 | D:9      | Reached skill level 11 in Shapeshifting
 10210 | D:9      | Killed Grum
 10215 | D:9      | Reached XP level 11. HP: 68/77 MP: 11/11
 10229 | D:9      | Found a shimmering blue altar of Sif Muna.
 10303 | D:9      | HP: 1/78 [troll (9)]
 10303 | D:9      | Slain by a troll

Illustrated notes

Levels and vault maps discovered:
D:1:      onia_arrival_pentagram, layout_loops_corners, minmay_pentomino_s4
D:2:      layout_basic, minivault_25, minmay_stone_trees_medium
D:3:      layout_basic, slow_altar_2, serial_shops, nicolae_shop_dealshenge,
          gammafunk_ghost_mausoleum
D:4:      layout_loops_corners, uniq_sigmund, uniq_natasha
D:5:      layout_loops_ring, serial_library_regret_index_headful, uniq_menkaure,
          uniq_grinder
D:6:      layout_loops_ring, jmf_multi_god_temple2, ebering_ghost_sewer_d,
          grunt_ministairs_12
D:7:      layout_rooms, minmay_temple_entry_stoned_glass, serial_bayou,
          serial_bayou_shore_a, serial_bayou_pond_d, serial_bayou_lagoon_a,
          serial_bayou_lagoon_b, serial_bayou_shore_b, serial_bayou_pond_d,
          dk_vineyard_2
D:8:      mumra_celtic_spiral_tile, layout_basic, serial_shops,
          nicolae_shop_trees, enter_bailey_3, nicolae_the_louvre
D:9:      layout_basic, lemuel_crystal_altar, fedhas_altar_3,
          amcnicky_altar_gilded, dk_noncrumbling_2, nicolae_shop_vocational,
          uniq_grum, uniq_joseph, uniq_harold
Temple:   nicolae_temple_x_marks_the_god

Skill      XL: |  1  2  3  4  5  6  7  8  9 10 11 |
---------------+----------------------------------+-----
Fighting       | 2 3 4 5 6 8 |  8.4
Shapeshifting  | 4 5 6 7 9 11 | 11.3
Unarmed Combat | 4 5 6 7 8 9 |  9.0
Dodging        | |  2.0

Action                     |  1- 3 |  4- 6 |  7- 9 | 10-12 || total
---------------------------+-------+-------+-------+-------++-------
  Melee: Unarmed           |    78 |   110 |   223 |   199 ||   610
         Constrict         |    17 |    29 |    57 |    48 ||   151
         Tentacles         |     8 |    19 |    77 |    56 ||   160
         Punch             |     2 |     3 |     4 |       ||     9
  Evoke: Wand              |       |       |    14 |    18 ||    32
    Use: Scroll            |       |     3 |     2 |       ||     5
         Potion            |       |     1 |     1 |     1 ||     3
   Stab: Sleeping          |     7 |    10 |     2 |     3 ||    22
         Invisible         |       |       |       |     3 ||     3
         Distracted        |       |       |       |     2 ||     2
 Armour: Skin              |    34 |    39 |   126 |   143 ||   342
  Dodge: Dodged            |    40 |    53 |   120 |   126 ||   339
   Form: Flux              |       |       |     1 |       ||     1

Table legend: (Time is in decaauts)
 A = Elapsed time spent in this place.
 B = Non-inter-level travel time spent in this place.
 C = Inter-level travel time spent in this place.
 D = Time resting spent in this place.
 E = Time spent auto-exploring this place.
 F = Levels seen in this place.
 G = Mean time per level.
                   A        B        C        D        E       F      G
               +--------+--------+--------+--------+--------+-----+--------+
         Total |  10242 |   9822 |    420 |    861 |   7003 |  11 |  931.1 |
       Dungeon |  10204 |   9791 |    413 |    861 |   7003 |   9 | 1133.8 |
        Temple |     16 |      9 |      7 |      0 |      0 |   1 |   16.0 |
        Bailey |     21 |     21 |      0 |      0 |      0 |   1 |   21.0 |
               +--------+--------+--------+--------+--------+-----+--------+

Top non-repeatable levels by time:
     D:5: 1795 daAuts
     D:8: 1589 daAuts
     D:4: 1350 daAuts
     D:6: 1326 daAuts
     D:7: 1093 daAuts
     D:1: 952 daAuts
     D:3: 938 daAuts
     D:2: 669 daAuts
     D:9: 487 daAuts
  Bailey: 21 daAuts
  Temple: 16 daAuts
